AoeStats
← Bandolero

Arabia

507587380Analyzed
1v1 RM · 13d ago on Sep 18, 2026· 44m 29s· 2 players
Game mode
Random Map
Map size
Tiny (2 player)
Population
200
Speed
Normal
Resources
Standard
Victory
Conquest
Starting age
Dark Age
Ending age
Imperial Age
RankedLock teamsTeams togetherTeam positionsShared explorationLock speedFull tech treeHidden civsTurbo modeCheats
Victory
Defeat
🇦🇷 Maya · Argentina
1345
+14
🇩🇪 Burgundians · Germany
1309
-14
Kerkermeister
3:54 Double-Bit Axe
8:35 Loom
8:54 Loom
10:57 Feudal Age
15:30 Castle Age
15:01 Horse Collar
17:01 Bow Saw
17:52 Scale Barding Armor
23:15 Chain Barding Armor
23:32 Fletching
25:32 Husbandry
26:00 Town Watch
32:17 Wheelbarrow
Bandolero
0:28 Loom
9:00 Feudal Age
9:33 Double-Bit Axe
13:40 Fletching
21:05 Castle Age
19:23 Gold Mining
19:36 Padded Archer Armor
21:14 Crossbowman
22:41 Bodkin Arrow
23:39 Bow Saw
30:04 Ballistics
32:32 Wheelbarrow
31:42 Town Watch
32:02 Stone Mining
37:17 Imperial Age
37:45 Leather Archer Armor
38:08 Thumb Ring
37:45 Arbalester
39:31 Chemistry
39:38 Conscription
39:34 Bracer
40:44 Hand Cart
44:24 Ring Archer Armor
44:24 Horse Collar
Connection lost

Rejoining the realm…

Still unreachable

The connection could not be restored.

Session expired

The server has moved on; the page needs a fresh start.